 Dungeon Crawl Stone Soup version 0.30-a0-953-g5f1da4a474 (webtiles) character file.

Game seed: 2406236486245839026

620 jasper the Sneak (level 7, 0/44 HPs)
             Began as a Gargoyle Delver on Mar 28, 2023.
             Slain by an orc
             ... wielding a +0 flail
              (5 damage)
             ... on level 4 of the Dungeon.
             The game lasted 00:05:47 (3606 turns).

jasper the Sneak (Gargoyle Delver)                  Turns: 3606, Time: 00:05:47

Health: 0/44       AC: 11    Str: 22    XL:     7   Next: 46%
Magic:  7/7        EV: 12    Int: 10    God:
Gold:   347        SH:  0    Dex: 19    Spells: 6/6 levels left

rFire   . . .      SeeInvis .    a - +0 mace
rCold   . . .      Faith    .    (no shield)
rNeg    + . .      Spirit   .    u - +0 ring mail
rPois   ∞          Reflect  .    (no helmet)
rElec   +          Rampage  .    r - +0 cloak
rCorr   .                        (no gloves)
Will    .....                    (no boots)
Stlth   +++                      (no amulet)
HPRegen 0.27/turn                v - +6 ring of strength
MPRegen 0.10/turn                n - +6 ring of dexterity

@: about to teleport
A: sickness immunity, AC +4, negative energy resistance 1, electricity
resistance, torment resistance 1, petrification resistance
a: no special abilities


You were on level 4 of the Dungeon.
You visited 1 branch of the dungeon, and saw 5 of its levels.

You collected 347 gold pieces.

Inventory:

Hand Weapons
 a - a +0 mace (weapon)
Missiles
 h - 3 atropa-tipped darts
 p - 7 poisoned darts
 s - 19 stones (quivered)
Armour
 b - a +0 leather armour
 r - a +0 cloak (worn)
 u - a +0 ring mail (worn)
Jewellery
 f - a ring of see invisible
 n - a +6 ring of dexterity (right hand)
 q - a ring of ice
 v - a +6 ring of strength (left hand)
Wands
 g - a wand of digging (3)
Scrolls
 c - a scroll of fog
 d - 2 scrolls of magic mapping
 e - a scroll of fear
 i - a scroll of vulnerability
 k - 2 scrolls of teleportation
 l - 2 scrolls of blinking
 m - a scroll of poison
Potions
 j - 2 potions of attraction
 o - 4 potions of brilliance


   Skills:
 + Level 5.0 Fighting
 * Level 5.2 Maces & Flails
 + Level 3.5 Armour
 + Level 3.2 Dodging
 - Level 5.4 Stealth


You had 6 spell levels left.
You didn't know any spells.
Your spell library contained the following spells:

 Spells                   Type           Power      Damage    Failure   Level
 Fireball                 Conj/Fire      0%         3d3       100%        5
 Iskenderun's Battlesphe  Conj           0%         2d6       100%        5
 Conjure Ball Lightning   Conj/Air       0%         3x3d6     100%        6
 Orb of Destruction       Conj           0%         9d5       100%        7


Dungeon Overview and Level Annotations

Branches:
Dungeon (5/15)
 Temple: D:4-7

Altars:

Annotations:
D:5 exclusions: centaur and 2 gnolls, Eustachio


Innate Abilities, Weirdness & Mutations

You are immune to sickness and miasma.
Your stone body is resilient. (AC +4)
You are immune to poison.
You resist negative energy. (rN+)
You are resistant to electric shocks. (rElec)
You are resistant to unholy torment.
You are immune to petrification.


Message History

Found 14 gold pieces.
The orc priest shouts!
The orc shouts!
The orc priest shouts!
The orc shouts!
You closely miss the orc priest. The orc priest barely misses you.
You hit the orc priest but do no damage.
The orc priest attacks as you move away!
The orc priest hits you but does no damage.
The orc priest begins to cast a cantrip, but forgets the words!
You hit the orc.
The orc is moderately wounded.
The orc priest mumbles some strange prayers to Beogh against you.
Beogh smites you! The orc hits you with a +0 flail.
You take 18 damage, and have 26/44 hp.
MASSIVE DAMAGE!!
You completely miss the orc.
The orc is moderately wounded.
The orc barely misses you.
The orc priest invokes the aid of Beogh against you.
Beogh smites you! The orc barely misses you.
You take 12 damage, and have 14/44 hp.
MASSIVE DAMAGE!!
You barely miss the orc.
The orc is moderately wounded.
The orc hits you with a +0 flail.
* * * LOW HITPOINT WARNING * * *
You take 4 damage, and have 10/44 hp.
It was a potion of curing.
You feel better.
The orc priest looks encouraged for a moment.
The orc barely misses you.
You regained 7 hp, and now have 17/44 hp.
It was a potion of magic.
Magic courses through your body. The orc barely misses you.
As you read the scroll of teleportation, it crumbles to dust.
You feel strangely unstable.
The orc priest calls upon Beogh to heal the orc.
The orc's wounds heal themselves!
The orc priest invokes the aid of Beogh against you.
Beogh smites you!
* * * LOW HITPOINT WARNING * * *
The orc hits you but does no damage.
You take 13 damage, and have 5/44 hp.
MASSIVE DAMAGE!!
The orc attacks as you move away! The orc hits you with a +0 flail.
You die...

#g###.#.....##. #...>.....#.#..
g...........##. ###########.###
.#####g.....##. #.# .
#......##. #.# . #g.....##o #.#
.#####......##o #.#
............##. #.#
..####......##o##############.#
#<.....##oo@.............#
#..####################### #.##
#.# #.# ..# ###


You could see 2 orc priests and an orc.

Vanquished Creatures
  Sigmund (D:2)
  The ghost of Bediveer the Shooter, an amateur DEHu (D:3)
  A scorpion (D:3)
  2 hounds (D:5)
  A bullfrog skeleton (D:3)
  A sleepcap (D:3)
  A centaur skeleton (D:3)
  A howler monkey zombie (D:3)
  7 adders
  4 gnolls (D:4)
  A howler monkey skeleton (D:3)
  2 worms (D:2)
  2 dart slugs
  7 bats
  An endoplasm (D:1)
  A giant cockroach (D:3)
  5 hobgoblins
  6 kobolds
  A quokka (D:3)
  3 ball pythons
  5 frilled lizards
  7 goblins
  3 rats
64 creatures vanquished.

Notes
Turn   | Place    | Note
-------+----------+-------------------------------------------
     0 | D:5      | jasper the Gargoyle Delver began the quest for the Orb.
     0 | D:5      | Reached XP level 1. HP: 14/14 MP: 1/1
     6 | D:5      | Noticed a hound
    22 | D:5      | Killed a hound
    23 | D:5      | Reached skill level 1 in Armour
    23 | D:5      | Reached XP level 2. HP: 11/19 MP: 2/2
    23 | D:5      | Reached XP level 3. HP: 14/23 MP: 3/3
   135 | D:5      | Noticed Eustachio
   232 | D:5      | Noticed a gnoll sergeant
   313 | D:5      | Noticed a centaur
   342 | D:5      | Reached XP level 4. HP: 13/29 MP: 4/4
   949 | D:3      | HP: 1/29 [sleepcap (2)]
  1087 | D:3      | Found a transporter.
  1094 | D:3      | Noticed a scorpion
  1130 | D:2      | Reached XP level 5. HP: 33/33 MP: 5/5
  1835 | D:2      | Noticed Sigmund
  1855 | D:2      | Killed Sigmund
  1856 | D:2      | Reached XP level 6. HP: 36/39 MP: 6/6
  2678 | D:3      | Found a transporter.
  2678 | D:3      | Noticed Bediveer's ghost (amateur DEHu)
  3133 | D:3      | Killed Bediveer's ghost
  3134 | D:3      | Reached skill level 5 in Maces & Flails
  3134 | D:3      | Reached XP level 7. HP: 37/44 MP: 7/7
  3156 | D:3      | Reached skill level 5 in Fighting
  3606 | D:4      | Slain by an orc

Illustrated notes

Levels and vault maps discovered:
D:1:      dpeg_arrival_simpleton_a, layout_basic, grunt_decor_arrowhead,
          minmay_pentomino_u4
D:2:      layout_basic, uniq_sigmund
D:3:      layout_basic, gammafunk_ghost_mausoleum,
          chequers_serial_rivers_micro_a
D:4:      layout_basic, kennysheep_generic_room_12
D:5:      black_bear_nest_1, layout_basic, kennysheep_generic_room_4,
          uniq_eustachio

Skill      XL: |  1  2  3  4  5  6  7 |
---------------+----------------------+-----
Armour         | 1 2 3 |  3.5
Maces & Flails | 3 4 5 |  5.2
Dodging        | 2 3 |  3.2
Fighting       | 4 5 |  5.0
Stealth        | |  5.4

Action                     |  1- 3 |  4- 6 |  7- 9 || total
---------------------------+-------+-------+-------++-------
  Melee: Mace              |    23 |   188 |    39 ||   250
         Punch             |       |     2 |       ||     2
  Throw: Stone             |       |       |     2 ||     2
    Use: Potion            |     1 |     1 |     2 ||     4
         Scroll            |       |    10 |     1 ||    11
   Stab: Sleeping          |       |    12 |       ||    12
 Armour: Leather armour    |     7 |    49 |       ||    56
         Ring mail         |       |    55 |    11 ||    66
  Dodge: Dodged            |    19 |    98 |    26 ||   143

Table legend: (Time is in decaauts)
 A = Elapsed time spent in this place.
 B = Non-inter-level travel time spent in this place.
 C = Inter-level travel time spent in this place.
 D = Time resting spent in this place.
 E = Time spent auto-exploring this place.
 F = Levels seen in this place.
 G = Mean time per level.
                   A        B        C        D        E       F      G
               +--------+--------+--------+--------+--------+-----+--------+
         Total |   3641 |   3458 |    183 |    266 |   2344 |   5 |  728.2 |
       Dungeon |   3641 |   3458 |    183 |    266 |   2344 |   5 |  728.2 |
               +--------+--------+--------+--------+--------+-----+--------+

Top non-repeatable levels by time:
     D:3: 1089 daAuts
     D:2: 865 daAuts
     D:5: 740 daAuts
     D:1: 587 daAuts
     D:4: 359 daAuts
